[Event "Team 45 45 League T74"]
[Site "Internet Chess Club"]
[Date "2017.09.23"]
[Round "2"]
[White "armand068new"]
[Black "crazyhorses"]
[Result "1-0"]
[WhiteElo "1621"]
[BlackElo "1447"]
[Opening "Queen's gambit accepted"]
[ECO "D20"]
[Time "12:14:22"]
[TimeControl "2700+45"]

1. d4 d5 2. c4 dxc4 3. e3 Nf6 4. Bxc4 a6 5. Nf3 e6 6. Nc3 b5 7. Bd3 Bb7 8. O-O
Be7 9. e4 O-O 10. e5 Nd5 11. Ne4 Nd7 12. a3 c5 13. Nxc5 Nxc5 14. dxc5 Qc7 15. b4
Nc3 16. Qc2 {Black resigns} 1-0

[Event "Team 45 45 League T74"]
[Site "Internet Chess Club"]
[Date "2017.09.25"]
[Round "2"]
[White "MartyJR"]
[Black "Andressa"]
[Result "1/2-1/2"]
[WhiteElo "1442"]
[BlackElo "1434"]
[Opening "QGD: Neo-orthodox variation, 7.Bh4"]
[ECO "D56"]
[Time "21:17:40"]
[TimeControl "2700+45"]

1. d4 d5 2. c4 e6 3. Nc3 Nf6 4. Bg5 h6 5. Bh4 Be7 6. e3 O-O 7. Nf3 Nbd7 8. Bd3
c6 9. O-O Nb6 10. cxd5 exd5 11. h3 Re8 12. Rc1 a6 13. Bb1 Nc4 14. Qc2 g6 15. Nd2
Bf5 16. Qd1 Bxb1 17. Rxb1 Nxd2 18. Qxd2 Ne4 19. Nxe4 Bxh4 20. Nc3 Rb8 21. Qe2 b5
22. Rfc1 Qd6 23. Qg4 Bf6 24. Qf3 a5 25. a3 Bg7 26. b4 a4 27. Ne2 Rbc8 28. Ng3
Re7 29. Rc2 Qe6 30. Rbc1 Rec7 31. Ne2 g5 32. Nc3 Qg6 33. Nxb5 Rb7 34. Nc3 Ra7
35. Nxd5 Qd3 36. Nc3 Rac7 37. Qe4 Qa6 38. Nd5 cxd5 39. Rxc7 dxe4 40. Rxc8+ Kh7
41. R8c6 {Game drawn by mutual agreement} 1/2-1/2

[Event "Team 45 45 League T74"]
[Site "Internet Chess Club"]
[Date "2017.09.25"]
[Round "2"]
[White "cityprosecutor"]
[Black "Fianchettoed"]
[Result "1/2-1/2"]
[WhiteElo "1700"]
[BlackElo "1787"]
[Opening "Caro-Kann: closed (Breyer) variation"]
[ECO "B10"]
[Time "18:32:42"]
[TimeControl "2700+45"]

1. e4 c6 2. d3 d5 3. Nd2 dxe4 4. Nxe4 Nf6 5. Qe2 Nxe4 6. dxe4 e5 7. Nf3 Bg4 8.
h3 Bxf3 9. Qxf3 Bc5 10. Bc4 O-O 11. O-O Qe7 12. Rd1 Nd7 13. Qg3 Nf6 14. Bg5 Rfd8
15. Qh4 b5 16. Be2 h6 17. Bxf6 Qxf6 18. Qxf6 gxf6 19. Bg4 b4 {Game drawn by
mutual agreement} 1/2-1/2

[Event "Team 45 45 League T74"]
[Site "Internet Chess Club"]
[Date "2017.09.25"]
[Round "2"]
[White "bookseller"]
[Black "Hal2001"]
[Result "1-0"]
[WhiteElo "1703"]
[BlackElo "1577"]
[Opening "Robatsch defense: three pawns attack"]
[ECO "B06"]
[Time "21:13:01"]
[TimeControl "2700+45"]

1. e4 g6 2. d4 Bg7 3. f4 d5 4. e5 c5 5. c3 cxd4 6. cxd4 Nc6 7. Nf3 Bg4 8. Be2
Bxf3 9. Bxf3 e6 10. Be3 Nge7 11. g4 f6 12. Nc3 fxe5 13. fxe5 O-O 14. O-O Kh8 15.
Qd2 a6 16. Rad1 Qa5 17. h4 Rf7 18. Bg2 Raf8 19. Rxf7 Rxf7 20. h5 Qd8 21. h6 Bf8
22. Bg5 Qb6 23. Na4 Qc7 24. Nc5 Qc8 25. Rc1 Ng8 26. Nd3 Qd7 27. Ne1 Bb4 28. Qd3
Bf8 29. Nf3 Be7 30. Bxe7 Qxe7 31. Qe3 Qf8 32. g5 Rf4 33. Rd1 Nge7 34. Qb3 Qc8
35. Qb6 Qd7 36. a3 Nc8 37. Qb3 N8e7 38. Qe3 Rf7 39. Bh3 Nf5 40. Bxf5 Rxf5 41.
Nh4 Rf7 42. Rf1 Rxf1+ 43. Kxf1 Qf7+ 44. Kg2 Kg8 45. b4 Ne7 46. Qc1 Nc6 47. Nf3
Qf5 48. Qc5 Qf8 49. Qxf8+ Kxf8 50. Kf2 b6 51. Ke3 Ke7 52. Nh2 Kf7 53. Ng4 Kg8
54. Kd3 b5 55. Nf6+ Kh8 56. Nd7 a5 57. bxa5 Nxa5 58. Kc3 Nc6 59. Nc5 Nd8 60. Kb4
Kg8 61. Kxb5 Kf7 62. a4 Ke7 63. a5 Nf7 64. a6 {Black resigns} 1-0

[Event "Team 45 45 League T74"]
[Site "Internet Chess Club"]
[Date "2017.09.21"]
[Round "2"]
[White "Megasus"]
[Black "Constrictor"]
[Result "1/2-1/2"]
[WhiteElo "1491"]
[BlackElo "1490"]
[Opening "Réti opening"]
[ECO "A04"]
[Time "17:01:37"]
[TimeControl "2700+45"]

1. Nf3 c5 2. e3 Nc6 3. d4 cxd4 4. exd4 d5 5. h3 Nf6 6. Nbd2 Bf5 7. a3 e6 8. b3
Be7 9. Bb2 O-O 10. c4 Rc8 11. c5 Ne4 12. b4 a6 13. Qb3 Nxd2 14. Nxd2 Bf6 15. Nf3
Re8 16. Ne5 Qc7 17. Qe3 Rcd8 18. Rd1 h6 19. g4 Bc2 20. Rd2 Bg5 21. f4 Bh4+ 22.
Ke2 Be4 23. Rg1 g5 24. fxg5 Bxg5 25. Qf2 Bxd2 26. Kxd2 Nxe5 27. dxe5 Qe7 28. Qf4
Qg5 29. Ke3 Kh7 30. Bc1 Qxf4+ 31. Kxf4 Rg8 32. h4 Rg6 33. g5 hxg5+ 34. hxg5 Rh8
35. Be2 Kg8 36. Kg3 Rh1 37. Rxh1 Bxh1 38. Be3 Kf8 39. Bh5 Rg8 40. a4 Ke7 41. b5
axb5 42. axb5 Ra8 43. g6 fxg6 44. Bxg6 Ra3 45. Kf2 Rb3 46. b6 Rb2+ 47. Ke1 Bf3
48. Bd3 Kd7 49. Bd4 Kc6 50. Bxb2 Kxc5 51. Kf2 Bg4 52. Kg3 Bd1 53. Kf4 Kxb6 54.
Bd4+ Kc6 55. Kg5 b5 56. Kf6 Bg4 57. Bg6 b4 58. Bf7 Kb5 59. Bxe6 Bxe6 60. Kxe6
Kc4 61. Ba1 d4 62. Bxd4 Kxd4 63. Kd6 b3 64. e6 b2 65. e7 b1=Q 66. e8=Q Qb4+ 67.
Kd7 Qb5+ 68. Kd8 Qxe8+ 69. Kxe8 {Game drawn because neither player has mating
material} 1/2-1/2

[Event "Team 45 45 League T74"]
[Site "Internet Chess Club"]
[Date "2017.09.24"]
[Round "2"]
[White "kllrchris"]
[Black "cool64chess"]
[Result "1/2-1/2"]
[WhiteElo "1652"]
[BlackElo "1963"]
[Opening "French: Tarrasch"]
[ECO "C03"]
[Time "21:01:08"]
[TimeControl "2700+45"]

1. e4 e6 2. d4 d5 3. Nd2 Be7 4. Bd3 c5 5. dxc5 Nf6 6. Qe2 a5 7. Ngf3 O-O 8. O-O
Na6 9. e5 Nd7 10. c3 Naxc5 11. Bc2 b6 12. Re1 f6 {Game drawn by mutual
agreement} 1/2-1/2

[Event "Team 45 45 League T74"]
[Site "Internet Chess Club"]
[Date "2017.09.24"]
[Round "2"]
[White "y3LL3r"]
[Black "WillC"]
[Result "1-0"]
[WhiteElo "1549"]
[BlackElo "1647"]
[Opening "Caro-Kann: classical, Spassky variation"]
[ECO "B19"]
[Time "16:14:08"]
[TimeControl "2700+45"]

1. e4 c6 2. d4 d5 3. Nc3 dxe4 4. Nxe4 Bf5 5. Ng3 Bg6 6. h4 h6 7. Nf3 Nd7 8. h5
Bh7 9. Bd3 Bxd3 10. Qxd3 Ngf6 11. Bd2 e6 12. O-O-O Qc7 13. Rhe1 O-O-O 14. c4 c5
15. Qe2 Kb8 16. Kb1 Bd6 17. Ne5 Nb6 18. dxc5 Bxc5 19. Bf4 Bd6 20. Rxd6 Rxd6 21.
Nxf7 Qxf7 22. Bxd6+ Ka8 23. c5 Rd8 24. Qxe6 Qxe6 25. Rxe6 Nbd5 26. f3 Rd7 27.
Nf5 a5 28. g4 Rf7 29. Kc2 Nxh5 30. Kb3 Nhf4 31. Re8+ Ka7 32. Bb8+ Ka6 33. Bxf4
Nxf4 34. Nd6 Rc7 35. Ra8# {Black checkmated} 1-0

[Event "Team 45 45 League T74"]
[Site "Internet Chess Club"]
[Date "2017.09.21"]
[Round "2"]
[White "JohLeb"]
[Black "kanishka"]
[Result "0-1"]
[WhiteElo "1545"]
[BlackElo "1667"]
[Opening "King's Indian: 4.e4"]
[ECO "E70"]
[Time "13:01:18"]
[TimeControl "2700+45"]

1. d4 Nf6 2. c4 g6 3. Nc3 Bg7 4. e4 d6 5. Bd3 O-O 6. Nge2 e5 7. d5 Nbd7 8. O-O
Nc5 9. Bc2 a5 10. Bg5 h6 11. Be3 b6 12. Qd2 Kh7 13. f3 Bd7 14. a3 Ne8 15. b4 Nb7
16. Ba4 axb4 17. axb4 Bxa4 18. b5 Bb3 19. Qd3 Na5 20. Rxa5 Rxa5 21. Rb1 Ba4 22.
Rb4 Qa8 23. Nxa4 Rxa4 {White resigns} 0-1

[Event "Team 45 45 League T74"]
[Site "Internet Chess Club"]
[Date "2017.09.24"]
[Round "2"]
[White "BrianWood"]
[Black "Scorpius"]
[Result "1-0"]
[WhiteElo "1581"]
[BlackElo "1350"]
[Opening "QGD Slav: 4.e3 Bf5"]
[ECO "D12"]
[Time "15:06:19"]
[TimeControl "2700+45"]

1. d4 d5 2. c4 c6 3. Nf3 Nf6 4. e3 Bf5 5. Nc3 e6 6. Nh4 Bg6 7. Nxg6 hxg6 8. h3
Bb4 9. Bd3 O-O 10. O-O Nbd7 11. Qb3 Be7 12. cxd5 cxd5 13. Qxb7 Rb8 14. Qxa7 Ra8
15. Qb7 Qa5 16. Qb3 Rfb8 17. Qc2 e5 18. Bd2 Qb6 19. Nb5 Ne4 20. Be1 Rc8 21. Qb3
Qb7 22. f3 Nef6 23. a4 exd4 24. exd4 Ne8 25. Bf2 Bf6 26. Rfc1 Nc7 27. a5 Nxb5
28. Rxc8+ Rxc8 29. Qxb5 Qxb5 30. Bxb5 Nf8 31. a6 Ra8 32. Bc6 Ra7 33. Bxd5 Nd7
34. Bb7 {Black resigns} 1-0

[Event "Team 45 45 League T74"]
[Site "Internet Chess Club"]
[Date "2017.09.26"]
[Round "2"]
[White "SlimeDog2"]
[Black "jonesey"]
[Result "1-0"]
[WhiteElo "2008"]
[BlackElo "1876"]
[Opening "Benkö gambit accepted"]
[ECO "A58"]
[Time "16:08:00"]
[TimeControl "2700+45"]

1. d4 Nf6 2. c4 c5 3. d5 b5 4. cxb5 a6 5. bxa6 g6 6. Nc3 Bxa6 7. Nf3 Bg7 8. g3
O-O 9. Bg2 d6 10. O-O Nbd7 11. Rb1 Qa5 12. Bd2 Rfb8 13. Qc2 Qc7 14. b3 Nb6 15.
Nh4 Bb7 16. e4 Ng4 17. h3 Ne5 18. f4 Ned7 19. Nf3 Ba6 20. Rfe1 Nc8 21. a4 Ra7
22. Na2 Rab7 23. Rec1 Qb6 24. Kh2 Be2 25. Be3 Qa6 26. Ne1 Bf1 27. Bf3 Ra8 28.
Nc3 c4 29. b4 Bd3 30. Nxd3 cxd3 31. Qd1 Rc7 32. Nb5 Rc2+ 33. Rxc2 dxc2 34. Qxc2
Qxa4 35. Qxa4 Rxa4 36. Bg4 Ra2+ 37. Kg1 Ncb6 38. Bd4 h5 39. Bxd7 Nxd7 40. Bxg7
Kxg7 41. Nd4 Kf8 42. Rc1 Nf6 43. Rc8+ Kg7 44. Nc6 Nxe4 45. Nxe7 Rb2 46. Nc6 Nxg3
47. Rd8 Kf6 48. Rxd6+ Kf5 49. Rd7 Ke4 50. d6 Ne2+ 51. Kf1 Ke3 52. Re7+ Kd3 53.
d7 Ng3+ 54. Kg1 {Black resigns} 1-0

[Event "Team 45 45 League T74"]
[Site "Internet Chess Club"]
[Date "2017.09.22"]
[Round "2"]
[White "AVEMARIA"]
[Black "ChessRooklift"]
[Result "1/2-1/2"]
[WhiteElo "1645"]
[BlackElo "1709"]
[Opening "Scandinavian: Marshall variation"]
[ECO "B01"]
[Time "16:02:37"]
[TimeControl "2700+45"]

1. e4 d5 2. exd5 Nf6 3. d4 Nxd5 4. Nf3 g6 5. Bc4 c6 6. O-O Bg4 7. c3 Nd7 8. h3
Bxf3 9. Qxf3 N7f6 10. Re1 Bg7 11. Nd2 O-O 12. Ne4 Nxe4 13. Qxe4 e6 14. Bxd5 Qxd5
15. Qxd5 cxd5 16. Bf4 Rac8 17. Re2 Rc6 18. Rd1 Rfc8 19. Rd3 b5 20. a3 a5 21. Re1
Rc4 22. Kf1 b4 23. axb4 axb4 24. Ra1 f6 25. Bd2 bxc3 26. Bxc3 R8c7 27. Ra6 Kf7
28. Re3 R4c6 29. Rxc6 Rxc6 30. Re1 Bf8 31. Ra1 Rc7 32. Ra6 h5 33. h4 g5 34. hxg5
fxg5 35. g3 Kf6 36. Kg2 Kf5 37. Ra1 Bg7 38. Rh1 Kg6 39. Re1 Kf5 40. Rh1 Kg6 41.
Re1 Rc6 42. Re3 g4 43. Re1 Kf5 44. Re2 Rc4 45. Rd2 Bf8 46. Re2 Bd6 47. f3 gxf3+
48. Kxf3 Rc8 49. Rh2 Kg6 50. Rg2 Rf8+ 51. Ke2 Kf5 52. Rf2+ Kg4 53. Rxf8 Bxf8 54.
Be1 Bg7 55. Bf2 e5 56. dxe5 Bxe5 57. b4 Bc7 58. b5 Kf5 59. Kd3 Ke6 60. b6 Bb8
61. Kc3 Kd6 62. Kb4 Kc6 63. Ka5 Kb7 64. Kb5 Bd6 65. Ka4 Ka6 66. Kb3 Bxg3 67.
Bxg3 Kxb6 68. Kc2 Kc5 69. Kd3 d4 70. Bf2 Kd5 71. Bxd4 h4 72. Ke3 h3 73. Kf3 h2
74. Kg2 h1=Q+ 75. Kxh1 {Game drawn because neither player has mating material}
1/2-1/2

[Event "Team 45 45 League T74"]
[Site "Internet Chess Club"]
[Date "2017.09.25"]
[Round "2"]
[White "parrot9"]
[Black "Warpdrive"]
[Result "1/2-1/2"]
[WhiteElo "1657"]
[BlackElo "1520"]
[Opening "Caro-Kann: classical variation"]
[ECO "B18"]
[Time "14:10:48"]
[TimeControl "2700+45"]

1. e4 c6 2. d4 d5 3. Nc3 dxe4 4. Nxe4 Bf5 5. Ng3 Bg6 6. Nf3 Nf6 7. Bd3 Bxd3 8.
Qxd3 e6 9. Bd2 Be7 10. O-O-O Nbd7 11. Ne4 Nxe4 12. Qxe4 Nf6 13. Qe2 h6 14. Kb1
Qc7 15. Ne5 Nd7 16. f4 Nxe5 17. dxe5 O-O-O 18. Be3 Kb8 19. Qc4 Rxd1+ 20. Rxd1
Rd8 21. Rxd8+ Qxd8 22. Kc1 Qd5 23. Qxd5 cxd5 24. g4 a6 25. Kd2 Kc7 26. Kd3 Kc6
27. c4 dxc4+ 28. Kxc4 b5+ 29. Kd3 Bc5 30. Bd2 Kd5 {Game drawn by mutual
agreement} 1/2-1/2

[Event "Team 45 45 League T74"]
[Site "Internet Chess Club"]
[Date "2017.09.24"]
[Round "2"]
[White "ChessHouston"]
[Black "passedpawn"]
[Result "1-0"]
[WhiteElo "1646"]
[BlackElo "1815"]
[Opening "Sicilian: accelerated fianchetto, Maróczy bind, 6.Be3"]
[ECO "B38"]
[Time "12:16:46"]
[TimeControl "2700+45"]

1. e4 c5 2. Nf3 g6 3. d4 cxd4 4. Nxd4 Bg7 5. c4 Nc6 6. Be3 Nf6 7. Nc3 d6 8. Be2
Bd7 9. O-O O-O 10. Rc1 Rc8 11. b3 a6 12. f3 Nxd4 13. Bxd4 Bc6 14. Kh1 Nd7 15.
Be3 Qc7 16. Qd2 Nc5 17. Rfd1 Ne6 18. Nd5 Qd8 19. Nb4 Qe8 20. a4 Nc5 21. Rb1 f5
22. exf5 Rxf5 23. Nc2 Rf8 24. Nd4 Qd7 25. a5 Ne6 26. Nc2 h5 27. b4 Nc7 28. Nd4
Qe8 29. b5 axb5 30. cxb5 Bd7 31. Qa2+ Kh8 32. b6 Na6 33. Bxa6 bxa6 34. Ne6 Bxe6
35. Qxe6 Rf6 36. Qe4 d5 37. Rxd5 e6 38. Rd6 Qe7 39. b7 Rb8 40. Rxa6 Rf7 41. Ra8
Qc7 42. Rxb8+ Qxb8 43. Ba7 {Black resigns} 1-0

[Event "Team 45 45 League T74"]
[Site "Internet Chess Club"]
[Date "2017.09.25"]
[Round "2"]
[White "suicidepawn"]
[Black "Beetlejuice"]
[Result "1/2-1/2"]
[WhiteElo "1729"]
[BlackElo "1774"]
[Opening "Sicilian defense"]
[ECO "B44"]
[Time "14:01:13"]
[TimeControl "2700+45"]

1. e4 c5 2. Nf3 e6 3. d4 cxd4 4. Nxd4 Nc6 5. Bc4 Nf6 6. Nc3 Qc7 7. O-O a6 8. a3
Be7 9. Bb3 b5 10. Nxc6 dxc6 11. Re1 O-O 12. Qf3 c5 13. e5 Bb7 14. Qe2 Ne8 15.
Bf4 Qc6 16. Qe4 Qc7 17. Qe2 {Game drawn by mutual agreement} 1/2-1/2

[Event "Team 45 45 League T74"]
[Site "Internet Chess Club"]
[Date "2017.09.23"]
[Round "2"]
[White "Tobiasdelmonte"]
[Black "WillC"]
[Result "0-1"]
[WhiteElo "1556"]
[BlackElo "1669"]
[Opening "QGA: 3.e4"]
[ECO "D20"]
[Time "19:32:52"]
[TimeControl "2700+45"]

1. d4 d5 2. c4 dxc4 3. e4 e5 4. d5 Nf6 5. Qc2 Bb4+ 6. Bd2 Bxd2+ 7. Nxd2 O-O 8.
Bxc4 c6 9. dxc6 Nxc6 10. Ngf3 Bg4 11. O-O Rc8 12. Qc3 Bxf3 13. gxf3 Nh5 14. Kh1
Qh4 15. Qe3 Nd4 16. Rac1 Nf4 17. Nb3 Qh3 18. Rg1 Nxf3 {White resigns} 0-1

[Event "Team 45 45 League T74"]
[Site "Internet Chess Club"]
[Date "2017.09.24"]
[Round "2"]
[White "tuotuo123"]
[Black "kutch"]
[Result "1/2-1/2"]
[WhiteElo "1475"]
[BlackElo "1562"]
[Opening "Ruy Lopez: 5.O-O"]
[ECO "C78"]
[Time "12:34:54"]
[TimeControl "2700+45"]

1. e4 e5 2. Nf3 Nc6 3. Bb5 a6 4. Ba4 Nf6 5. O-O b5 6. Bb3 Bc5 7. a4 Bb7 8. c3 d6
9. d4 Ba7 10. a5 h6 11. d5 Ne7 12. Re1 Ng4 13. Be3 Nxe3 14. fxe3 O-O 15. Nbd2
Ng6 16. Nf1 Bc8 17. Ng3 Bg4 18. h3 Bxf3 19. Qxf3 Nh4 20. Qg4 g6 21. Nf5 Nxf5 22.
exf5 Qf6 23. Bc2 Kg7 24. Re2 Qg5 25. Qxg5 hxg5 26. fxg6 fxg6 27. Rf1 Rxf1+ 28.
Kxf1 Rf8+ 29. Rf2 Bxe3 30. Rxf8 Kxf8 31. Bxg6 Bc1 32. b3 Bd2 33. c4 bxc4 34.
bxc4 Bxa5 35. Bc2 Bb6 36. Ke2 Kg7 37. g4 a5 38. Kd3 Kf7 39. Kc3 {Game drawn by
mutual agreement} 1/2-1/2

[Event "Team 45 45 League T74"]
[Site "Internet Chess Club"]
[Date "2017.09.23"]
[Round "2"]
[White "Electryon"]
[Black "kwen2008"]
[Result "1-0"]
[WhiteElo "1493"]
[BlackElo "1584"]
[Opening "Queen's pawn: London system"]
[ECO "A45"]
[Time "12:00:57"]
[TimeControl "2700+45"]

1. d4 Nf6 2. Bf4 g6 3. Nc3 d5 4. e3 Bg7 5. h4 O-O 6. h5 Nxh5 7. Rxh5 gxh5 8.
Qxh5 c6 9. Bd3 f5 10. Nf3 Qe8 11. Qh2 Nd7 12. O-O-O Nf6 13. Rh1 Qg6 14. Ne5 Qe8
15. Bg5 Qh5 16. Qxh5 Nxh5 17. Rxh5 Bxe5 18. dxe5 e6 19. Bf6 Rf7 20. Ne2 Bd7 21.
Nf4 c5 22. Be2 c4 23. Rg5+ Kf8 24. Bh5 h6 25. Bxf7 hxg5 26. Bxe6 Bxe6 27. Nxe6+
Kf7 28. Nxg5+ Kg6 29. f4 a5 30. Kd2 a4 31. a3 b5 32. c3 Rb8 33. Be7 Re8 34. Bb4
Kg7 35. e6 Kf6 36. e7 Kg7 37. Ne6+ Kf7 38. Nc7 Rc8 39. e8=Q+ Rxe8 40. Nxe8 Kxe8
41. Ke2 Kf7 42. Kf3 Kg6 43. g4 Kf6 44. g5+ Kg6 45. Kg3 Kh5 46. Bd6 Kg6 47. Kh4
{Black resigns} 1-0

[Event "Team 45 45 League T74"]
[Site "Internet Chess Club"]
[Date "2017.09.25"]
[Round "2"]
[White "dinosaurchess"]
[Black "sdcohle"]
[Result "1-0"]
[WhiteElo "1360"]
[BlackElo "1389"]
[Opening "French: Rubinstein variation"]
[ECO "C03"]
[Time "20:00:44"]
[TimeControl "2700+45"]

1. e4 e6 2. d4 d5 3. Nd2 dxe4 4. Nxe4 Nd7 5. Nf3 Ngf6 6. Nc3 Be7 7. Bg5 O-O 8.
Bc4 b6 9. O-O Bb7 10. Re1 c5 11. d5 exd5 12. Nxd5 Nxd5 13. Bxd5 Bxd5 14. Bxe7
Bxf3 15. Qxf3 Qc7 16. Bxf8 Rxf8 17. Rad1 Nf6 18. Qe3 Ng4 19. Qh3 Nf6 20. Qf3 h6
21. Qe2 Re8 22. Qf3 Rf8 23. Re2 b5 24. Rde1 Qa5 25. a3 c4 26. Qc3 Qb6 27. Qe3
Qc6 28. Qf3 Qb6 29. Re7 Qa5 30. Qb7 Qd2 31. R7e2 Qd4 32. Qxb5 Rd8 33. Qe5 Qb6
34. Qc3 Rd4 35. Qb4 Qc6 36. Qb8+ Kh7 37. Qxa7 Qd6 38. Qe7 Qd5 39. Re5 Qc6 40.
Qxf7 Rg4 41. g3 Re4 42. R5xe4 Nxe4 43. Qf5+ Kg8 44. Rxe4 Qb5 45. Qxb5 {Black
resigns} 1-0

[Event "Team 45 45 League T74"]
[Site "Internet Chess Club"]
[Date "2017.09.25"]
[Round "2"]
[White "Aquaman"]
[Black "skywise"]
[Result "0-1"]
[WhiteElo "1257"]
[BlackElo "1518"]
[Opening "English: Anglo-Grünfeld defense"]
[ECO "A16"]
[Time "21:01:58"]
[TimeControl "2700+45"]

1. c4 Nf6 2. Nc3 d5 3. cxd5 Nxd5 4. Nf3 g6 5. Nxd5 Qxd5 6. d3 Bg7 7. g3 c5 8.
Bg2 Nc6 9. O-O Qd8 10. Rb1 O-O 11. b3 Qa5 12. Qc2 Nb4 13. Qd2 Qxa2 14. Qxa2 Nxa2
15. Bb2 Nb4 16. Bxg7 Kxg7 17. Ne5 Rd8 18. Rbc1 f6 19. Nc4 Rb8 20. Rfe1 Be6 21.
Nd2 b6 22. Nc4 Bxc4 23. Rxc4 Rd4 24. Rc3 a5 25. Bf1 Ra8 26. e3 Rd6 27. Ra1 Rad8
28. Rd1 e5 29. f3 f5 30. e4 fxe4 31. fxe4 Kh6 32. Be2 Kg7 33. Kf2 Rc6 34. Rd2 b5
35. Ke3 a4 36. bxa4 bxa4 37. Ra3 Ra8 38. Bd1 Rca6 39. Be2 Nc6 40. Kf2 Nd4 41.
Bd1 Nb5 42. Ra1 a3 43. Bb3 Nd4 44. Bc4 Ra4 45. Ke3 R8a7 46. Ba2 Kf8 47. Rf2+ Ke7
48. Raf1 Kd6 49. Rf6+ Kc7 50. Rf7+ Kb6 51. R1f6+ Kb5 52. Bc4+ Kb4 53. Rb6+ Kc3
54. Rff6 a2 55. Bxa2 Rxa2 56. Rf2 Rxf2 57. Kxf2 Ra2+ 58. Kg1 Kxd3 59. Rf6 c4 60.
Rf3+ Nxf3+ {White resigns} 0-1

[Event "Team 45 45 League T74"]
[Site "Internet Chess Club"]
[Date "2017.09.22"]
[Round "2"]
[White "az2112"]
[Black "creativechesski"]
[Result "1-0"]
[WhiteElo "1661"]
[BlackElo "1374"]
[Opening "Réti: King's Indian attack"]
[ECO "A05"]
[Time "21:01:11"]
[TimeControl "2700+45"]

1. Nf3 Nf6 2. g3 g6 3. Bg2 Bg7 4. O-O O-O 5. d3 d5 6. Nbd2 c5 7. c4 d4 8. Nb3
Nbd7 9. e3 dxe3 10. Bxe3 Ng4 11. Bxc5 Nxc5 12. Nxc5 Qb6 13. Na4 Qb4 14. a3 Qa5
15. b4 Qa6 16. Nc5 Qb6 17. Ra2 Rd8 18. h3 Nf6 19. Re1 Qd6 20. Ne5 Rb8 21. Rd2
Qc7 22. d4 Ne8 23. Qe2 Nd6 24. Ne4 Nxe4 25. Qxe4 Bxe5 26. Qxe5 Qxe5 27. Rxe5 e6
28. Ree2 b6 29. d5 exd5 30. Rxd5 Rxd5 31. Re8+ Kg7 32. Bxd5 f6 33. Be6 Bxe6 34.
Rxb8 Bxc4 35. Rb7+ Kh6 36. Rxa7 Be6 37. Ra6 Bxh3 38. Rxb6 Bf5 39. Rxf6 Kg7 40.
Rd6 Kf7 41. b5 Ke7 42. Rb6 Bc8 43. a4 Kd7 44. a5 Kc7 45. Rc6+ Kb7 46. a6+ Kb8
47. a7+ Kb7 48. Rxc8 Kxa7 49. Rc7+ Kb6 50. Rxh7 Kxb5 51. Rd7 Kc6 52. Rd2 Kc5 53.
f4 Kc6 54. Kf2 Kc5 55. Ke3 Kc4 56. Rd1 Kc3 57. Rc1+ Kb4 58. Kd3 Kb5 59. Kd4 Kb6
60. Kd5 Kb7 61. Kd6 Kb8 62. Kd7 Kb7 63. Rb1+ Ka6 64. Kc6 Ka5 65. Kc5 Ka4 66. Kc4
Ka5 67. Rb2 Ka6 68. Kc5 Ka7 69. Kc6 Ka8 70. Kc7 Ka7 71. Ra2# {Black checkmated}
1-0

[Event "Team 45 45 League T74"]
[Site "Internet Chess Club"]
[Date "2017.09.25"]
[Round "2"]
[White "jadencheung"]
[Black "ChessMaine"]
[Result "1/2-1/2"]
[WhiteElo "1385"]
[BlackElo "1499"]
[Opening "French: Fort Knox variation"]
[ECO "C03"]
[Time "20:45:46"]
[TimeControl "2700+45"]

1. e4 e6 2. d4 d5 3. Nd2 dxe4 4. Nxe4 Bd7 5. Nf3 Bc6 6. Nc3 Nf6 7. Be2 Be7 8.
O-O Bxf3 9. Bxf3 c6 10. Bg5 Nbd7 11. Re1 h6 12. Bh4 Nb6 13. Ne4 O-O 14. c3 Nxe4
15. Bxe7 Qxe7 16. Bxe4 Rfd8 17. Qc2 Rac8 18. Rad1 Nd5 19. Bxd5 cxd5 20. a3 Rc6
21. Rd3 Rdc8 22. Ree3 b5 23. b4 a5 24. Qd2 axb4 25. axb4 Ra6 26. h3 Rca8 27. Kh2
Ra2 28. Qc1 Qc7+ 29. Rg3 Kh7 30. f4 Rf2 31. Rdf3 Raa2 32. Rxf2 Rxf2 33. Rf3 Rxf3
34. gxf3 Qa7 35. Qc2+ g6 36. Kg3 f6 37. h4 Kg7 38. Qe2 Qa6 39. Qd3 Qc6 40. Kg4
h5+ 41. Kg3 Qd7 42. Qe3 Qd6 43. Qd3 Qb8 44. Qe3 Qd6 45. Qd3 Qd7 46. Qe3 Kf7 47.
Qd3 {Game drawn by mutual agreement} 1/2-1/2

[Event "Team 45 45 League T74"]
[Site "Internet Chess Club"]
[Date "2017.09.20"]
[Round "2"]
[White "seattleblues"]
[Black "leoshi"]
[Result "1-0"]
[WhiteElo "1320"]
[BlackElo "1296"]
[Opening "Grünfeld with Bf4 & e3"]
[ECO "D93"]
[Time "22:02:06"]
[TimeControl "2700+45"]

1. d4 Nf6 2. Nf3 g6 3. c4 Bg7 4. Nc3 d5 5. Bf4 O-O 6. e3 c5 7. dxc5 Ne4 8. Rc1
Qa5 9. Be5 Bxe5 10. Nxe5 Nxc3 11. Rxc3 Qxa2 12. Qc1 Qa5 13. cxd5 e6 14. d6 Nd7
15. Nxd7 Bxd7 16. Be2 Bb5 17. Bxb5 Qxb5 18. Rc4 Qa5+ 19. Rc3 Qb5 20. Rc4 Qa5+
21. b4 Qb5 22. O-O Rfd8 23. Rd1 Rac8 24. e4 b6 25. c6 Qe5 26. d7 Rc7 27. h3 Qg7
28. Qd2 Qf8 29. Qf4 Rcc8 30. c7 Rxc7 31. Rxc7 f5 32. exf5 h6 33. Rxa7 exf5 34.
Rb7 {Black resigns} 1-0

[Event "Team 45 45 League T74"]
[Site "Internet Chess Club"]
[Date "2017.09.21"]
[Round "2"]
[White "Newbao"]
[Black "Conjurer"]
[Result "1-0"]
[WhiteElo "1331"]
[BlackElo "1204"]
[Opening "Sicilian defense"]
[ECO "B33"]
[Time "22:31:10"]
[TimeControl "2700+45"]

1. e4 c5 2. Nf3 Nc6 3. d4 cxd4 4. Nxd4 Nf6 5. Nc3 a6 6. Bg5 Qb6 7. Nb3 e6 8. Be2
Be7 9. O-O O-O 10. Be3 Qc7 11. Nd4 b5 12. a4 b4 13. Nxc6 Qxc6 14. e5 Nd5 15.
Nxd5 Qxd5 16. Qxd5 exd5 17. Bf3 Bb7 18. Rfd1 Rac8 19. Bxd5 Bc6 20. Bxc6 dxc6 21.
Rd7 Bd8 22. a5 Bc7 23. Bc5 Rfe8 24. Bd6 Bxd6 25. exd6 Re6 26. Rc7 Rce8 27. h3
Rxd6 28. Kh2 g6 29. Ra4 Rb8 30. Kg3 b3 31. cxb3 Rxb3+ 32. f3 Rxb2 33. Rc4 Rdd2
34. R7xc6 Rxg2+ 35. Kf4 g5+ 36. Kf5 Rb5+ 37. Kf6 h5 38. Rxa6 Rg3 39. Ra8+ Kh7
40. Rc7 Rxf3+ 41. Ke7 Re5+ 42. Kf8 Kg6 43. a6 Ra5 44. a7 f5 45. Rb8 g4 46. h4 g3
47. Rb6# {Black checkmated} 1-0

[Event "Team 45 45 League T74"]
[Site "Internet Chess Club"]
[Date "2017.09.22"]
[Round "2"]
[White "Chess4Him"]
[Black "UrsaMajor"]
[Result "0-1"]
[WhiteElo "1573"]
[BlackElo "1567"]
[Opening "Queen's bishop game"]
[ECO "D00"]
[Time "20:01:10"]
[TimeControl "2700+45"]

1. d4 d5 2. Bf4 Nf6 3. Nf3 e6 4. e3 c5 5. c3 Nc6 6. h3 Bd6 7. Ne5 Qc7 8. Bb5 O-O
9. Bxc6 bxc6 10. Nd2 cxd4 11. exd4 Nd7 12. Nxd7 Qxd7 13. Bxd6 Qxd6 14. Nf3 Ba6
15. Qd2 c5 16. Ne5 cxd4 17. Qxd4 Rab8 18. Rb1 Rfe8 19. Nd3 e5 20. Qc5 Qg6 21.
Qxd5 Bxd3 22. Rd1 e4 23. Rg1 Rxb2 24. Rd2 Qb6 25. Qd7 Rb8 26. Rxd3 Qxf2+ 27. Kd1
Rb1# {White checkmated} 0-1

[Event "Team 45 45 League T74"]
[Site "Internet Chess Club"]
[Date "2017.09.23"]
[Round "2"]
[White "limeinthecoke"]
[Black "mongmong"]
[Result "1-0"]
[WhiteElo "1488"]
[BlackElo "1459"]
[Opening "English: Mikenas-Carls, Kevitz variation"]
[ECO "A18"]
[Time "12:03:12"]
[TimeControl "2700+45"]

1. c4 e6 2. Nc3 Nf6 3. e4 Nc6 4. Nf3 e5 5. Be2 Be7 6. O-O O-O 7. d4 exd4 8. Nxd4
Nxd4 9. Qxd4 d6 10. Be3 c6 11. h3 Ne8 12. Rad1 Bf6 13. e5 Be7 14. Ne4 d5 15.
cxd5 cxd5 16. f4 Bf5 17. Nc5 Bxc5 18. Qxc5 Be4 19. Bf3 Qc7 20. Bxe4 dxe4 21. Qd5
Rc8 {Black resigns} 1-0